 Dungeon Crawl Stone Soup version 0.19-a0-1891-ge1d1fe8 (webtiles) character file.

4629 Naow the Knight (level 10, -8/70 HPs)
             Began as a Formicid Fighter on Oct 18, 2016.
             Was a Priest of Okawaru.
             Mangled by a death yak (17 damage)
             ... on level 7 of the Dungeon.
             The game lasted 00:16:37 (7359 turns).

Naow the Knight (Formicid Fighter)                  Turns: 7359, Time: 00:16:37

Health: -8/70      AC: 15    Str: 25    XL:     10   Next: 70%
Magic:  15/17      EV:  9    Int:  7    God:    Okawaru [***...]
Gold:   330        SH: 16    Dex: 10    Spells: 0 memorised, 9 levels left

rFire  . . .     SeeInvis +     a - +1 war axe
rCold  . . .     Gourm    .     z - +0 plate armour
rNeg   . . .     Faith    .     t - +2 shield
rPois  .         Spirit   .     (helmet unavailable)
rElec  .         Reflect  .     y - +0 cloak
rCorr  .         Harm     .     (no gloves)
MR     +....                    (no boots)
Stlth  ..........               (no amulet)
                                (no ring)
                                d - ring of teleportation (curse)

@: heroism
A: permanent stasis, dig shafts and tunnels, four strong arms, antennae 3
a: Dig, Shaft Self, Heroism, Renounce Religion


You were on level 7 of the Dungeon.
You worshipped Okawaru.
Okawaru was most pleased with you.
You were not hungry.

You visited 2 branches of the dungeon, and saw 9 of its levels.
You also visited: Sewer.

You collected 330 gold pieces.

Inventory:

Hand Weapons
 a - a +1 war axe (weapon)
Armour
 b - a +0 scale mail
 c - a +0 shield
 t - a +2 shield (worn)
 y - a +0 cloak (worn)
 z - a +0 plate armour (worn)
Jewellery
 d - a cursed ring of teleportation (left hand)
Wands
 l - a wand of iceblast (3/15)
 x - a wand of slowing (23/48)
 D - a wand of flame (32/48)
 E - a wand of iceblast (10/15)
 K - a wand of confusion (25/48)
Scrolls
 e - 2 scrolls of enchant weapon
 g - 4 scrolls of teleportation
 i - 3 scrolls of remove curse
 o - a scroll of fog {unknown}
 r - 2 scrolls of identify
 H - a scroll of amnesia {unknown}
 J - a scroll of fear
 L - 2 scrolls of recharging
Potions
 h - 2 potions of mutation {unknown}
 j - a potion of lignification {unknown}
 m - a potion of degeneration {unknown}
 p - 3 potions of curing
 q - a potion of experience {unknown}
 s - 3 potions of brilliance {unknown}
 u - a potion of heal wounds {unknown}
 w - 2 potions of berserk rage {unknown}
 A - a potion of haste {unknown}
 B - a potion of resistance {unknown}
 F - a potion of agility
 G - 2 potions of might
Comestibles
 f - 6 bread rations
 k - a royal jelly
 n - 3 beef jerkies
 v - a slice of pizza
 C - 5 meat rations
 I - a chunk of flesh


   Skills:
 - Level 3.2(8.2) Fighting
 - Level 9.0(14.0) Axes
 - Level 3.2(8.2) Armour
 + Level 10.3(15.3) Shields
 - Level 10.6 Invocations


You had 9 spell levels left.
You didn't know any spells.

Dungeon Overview and Level Annotations

Branches:
Dungeon (8/15)             Temple (1/1) D:4            Lair (0/6) D:8

Altars:
Ashenzari
Cheibriados
Dithmenos
Fedhas
Gozag
Hepliaklqana
Nemelex Xobeh
Okawaru
Ru
Sif Muna
Trog
Uskayaw
Vehumet
Xom
Yredelemnul
Zin
The Shining One

Shops:
D:5 *


Innate Abilities, Weirdness & Mutations

You are under a permanent stasis effect.
You can dig through walls and to a lower floor.
Your four strong arms can wield two-handed weapons with a shield.
You have a pair of large antennae on your head. (SInv)


Message History

You block the death yak's attack.
You gain the combat prowess of a mighty hero.
The death yak gores you!
You slash the death yak!
The death yak is severely wounded.
The death yak gores you!
You hit the death yak but do no damage.
The death yak is severely wounded.
The death yak gores you!!
* * * LOW HITPOINT WARNING * * *
You are too injured to fight recklessly!
You are too injured to fight recklessly!
Okay, then.
You slash the death yak!
The death yak is severely wounded.
The death yak gores you but does no damage.
You hit the death yak but do no damage.
The death yak is severely wounded.
The death yak gores you!
You die...

##.......# ##.#.## #
#.....[..# ##.###.#######
# #######..# #.##
##......##### ♣♣♣ #..#
##[###.#####......
###♣♣.♣♣#..# ##.#.##
####### #.'.._..'.##
##.#############
#.#♣♣.♣♣###
#.##........... #.# ♣♣♣
#########.##.##########
#.### #.....@Y..##)#
#.#.# #.##########.#
#...# #.# #(.).# ###.#
#.# #<####
#.#####.#######.#########
###
#.......................#
#..
#..#.########.#########.#
#.# #..#.########.#####
### #..
##.#..............# #.#


You could see a death yak.

Vanquished Creatures
  The ghost of Naow the Cleaver, a novice FoFi of Okawaru (D:8)
  A troll (D:8)
  Grinder (D:5)
  Sigmund (D:3)
  Eustachio (D:5)
  3 orc warriors
  A phantom (D:7)
  2 sky beasts
  4 ogres
  A centaur (D:7)
  2 big kobolds
  4 bullfrogs
  A gnoll sergeant (D:7)
  4 scorpions
  2 bullfrog zombies (D:7)
  2 centaur zombies
  4 crimson imps
  5 hounds
  2 jellies
  8 orc wizards
  Crazy Yiuf (D:4)
  10 orc priests
  4 iguanas
  10 worker ants
  A hound skeleton (D:7)
  2 hound zombies
  A worker ant zombie (D:8)
  7 gnolls
  A howler monkey skeleton (D:6)
  A river rat (Sewer)
  14 adders
  A shadow imp (D:5)
  3 oozes (Sewer)
  2 worms
  A dart slug (D:1)
  8 leopard geckos
  29 orcs
  5 giant cockroaches
  7 goblins
  7 hobgoblins
  16 jackals
  3 quokkas
  A ball python (Sewer)
  7 bats
  9 frilled lizards
  A jackal skeleton (D:5)
  22 kobolds
  7 rats
231 creatures vanquished.

Notes
Turn   | Place    | Note
-------+----------+-------------------------------------------
     0 | D:1      | Naow the Formicid Fighter began the quest for the Orb.
     0 | D:1      | Reached XP level 1. HP: 18/18 MP: 1/1
    69 | D:1      | Reached XP level 2. HP: 24/24 MP: 2/2
   375 | D:1      | Reached XP level 3. HP: 26/29 MP: 3/3
   953 | D:2      | You fall through a shaft for 2 floors!
   956 | D:4      | Reached XP level 4. HP: 34/35 MP: 4/4
  1047 | D:4      | Reached skill level 5 in Axes
  1047 | D:4      | Reached XP level 5. HP: 13/41 MP: 5/5
  1547 | D:3      | Found a glowing drain.
  1556 | Sewer    | Entered a sewer
  1938 | Sewer    | Reached XP level 6. HP: 40/47 MP: 6/6
  2635 | D:3      | Noticed Sigmund
  2654 | D:3      | Killed Sigmund
  2654 | D:3      | Reached XP level 7. HP: 42/52 MP: 7/7
  3199 | D:4      | HP: 1/52 [ogre/giant spiked club (15)]
  3519 | D:4      | Reached XP level 8. HP: 46/58 MP: 8/8
  3568 | D:4      | Found a runed door.
  3643 | D:4      | Found a staircase to the Ecumenical Temple.
  3650 | Temple   | Entered the Ecumenical Temple
  3658 | Temple   | Became a worshipper of Warmaster Okawaru
  3863 | D:4      | Noticed Crazy Yiuf
  3868 | D:4      | Killed Crazy Yiuf
  3912 | D:5      | Entered Level 5 of the Dungeon
  3915 | D:5      | Found a sacrificial altar of Ru.
  3919 | D:5      | Found a glowing golden altar of the Shining One.
  3948 | D:5      | Noticed Eustachio
  3989 | D:5      | Killed Eustachio
  3989 | D:5      | Reached skill level 5 in Shields
  4070 | D:5      | Noticed Grinder
  4076 | D:5      | Killed Grinder
  4076 | D:5      | Reached * piety under Okawaru
  4107 | D:5      | Reached XP level 9. HP: 58/64 MP: 9/9
  4137 | D:5      | Found Xuhuovor's Assorted Antiques.
  4461 | D:6      | Found a shimmering altar of Xom.
  4515 | D:6      | Reached skill level 1 in Invocations
  4638 | D:6      | Reached ** piety under Okawaru
  5045 | D:6      | Found a basalt altar of Yredelemnul.
  5048 | D:6      | Found a bloodstained altar of Trog.
  5051 | D:6      | Found a radiant altar of Vehumet.
  5308 | D:7      | Reached skill level 5 in Invocations
  5609 | D:7      | Reached XP level 10. HP: 57/70 MP: 15/15
  5694 | D:7      | Found a hide-covered altar of Uskayaw.
  5835 | D:7      | Found a shattered altar of Ashenzari.
  5921 | D:7      | Reached *** piety under Okawaru
  6261 | D:8      | Noticed Naow's ghost (novice FoFi)
  6609 | D:8      | Killed Naow's ghost
  6609 | D:8      | Reached skill level 10 in Invocations
  6963 | D:8      | Reached skill level 10 in Shields
  6977 | D:8      | Reached **** piety under Okawaru
  6979 | D:8      | Found a staircase to the Lair.
  6980 | D:8      | Noticed a death yak
  7359 | D:7      | Mangled by a death yak

Vault maps used:
D:1:      dpeg_arrival_rooms_b, st_stairs_6, minmay_lizard_king
D:3:      portal_sewer_entry_d, minmay_goblin_outpost, uniq_sigmund
D:4:      first_bread, lemuel_another_geyser, uniq_crazy_yiuf_cottage
D:5:      lemuel_crystal_altar, serial_shops,
          nicolae_shop_temple_entry_statues_fountains, basic_altar,
          kennysheep_boxes, uniq_eustachio, uniq_grinder
D:6:      grunt_temple_overflow_diamond, basic_altar
D:7:      kennysheep_little_box, nicolae_overflow_crystal_walls
D:8:      lemuel_doored_altar, dpeg_lair_monsters, grunt_ogre_cave
Temple:   eino_narrow_crystal_temple
Sewer:    sewer_co_15_rooms

Skill      XL: |  1  2  3  4  5  6  7  8  9 10 |
---------------+-------------------------------+-----
Axes           | 3 4 5 7 8 9 |  9.0
Shields        | 7 9 10 | 10.3
Invocations    | 7 10 | 10.6
Fighting       | |  3.2
Armour         | |  3.2

Action                   |  1- 3 |  4- 6 |  7- 9 | 10-12 || total
-------------------------+-------+-------+-------+-------++-------
Melee: War axe           |    89 |   222 |   352 |   187 ||   850
Invok: Heroism           |       |       |     6 |     7 ||    13
 Abil: Dig               |       |     1 |       |       ||     1
  Use: Scroll            |       |     2 |     8 |       ||    10
       Potion            |       |       |     1 |       ||     1
  Eat: Chunk             |       |     6 |    10 |     6 ||    22
Armor: Scale mail        |    46 |    55 |   100 |     2 ||   203
       Plate armour      |       |       |       |    35 ||    35
Dodge: Dodged            |    38 |    66 |   103 |    39 ||   246
Block: Shield            |    44 |   101 |   172 |   119 ||   436
